 Dungeon Crawl Stone Soup version 0.29-a0-648-g6b26cc9f40 (webtiles) character file.

Game seed: 5476723279247439474

148 omnomnOMINOUS the Chopper (level 5, -1/35 HPs)
             Began as an Octopode Wanderer on June 20, 2022.
             Was a Follower of Qazlal.
             Slain by a phantom (4 damage)
             ... on level 3 of the Dungeon.
             The game lasted 00:04:03 (2230 turns).

omnomnOMINOUS the Chopper (Octopode Wanderer)       Turns: 2230, Time: 00:04:03

Health: -1/35      AC:  1    Str:  9    XL:     5   Next: 30%
Magic:  8/8        EV: 14    Int: 14    God:    Qazlal [*.....]
Gold:   93         SH:  2    Dex: 16    Spells: 8/9 levels left

rFire   . . .      SeeInvis .   a - +0 war axe
rCold   . . .      Faith    .   (no shield)
rNeg    . . .      Spirit   .   b - +0 hat
rPois   .          Reflect  .   d - amulet of the acrobat
rElec   .          Harm     .   (no ring)
rCorr   .          Rampage  .   (no ring)
Will    .....                   (no ring)
Stlth   ++........              (no ring)
HPRegen 0.11/turn               (no ring)
MPRegen 0.11/turn               (no ring)
                                (no ring)
                                (no ring)

@: mighty
A: almost no armour, amphibious, 8 rings, camouflage 1, gelatinous body 1,
(nimble swimmer 1), tentacles
a: Renounce Religion


You were on level 3 of the Dungeon.
You worshipped Qazlal.
Qazlal was aware of your devotion.
You visited 1 branch of the dungeon, and saw 3 of its levels.

You collected 93 gold pieces.

Inventory:

Hand Weapons
 a - a +0 war axe (weapon)
Armour
 b - a +0 hat (worn)
Jewellery
 d - an amulet of the acrobat (around mantle)
Scrolls
 c - a scroll of summoning
 f - a scroll of teleportation {unknown}
 g - 2 scrolls of identify {unknown}
 i - a scroll of vulnerability {unknown}
 j - a scroll of poison {unknown}
 k - a scroll of noise {unknown}
 m - a scroll of magic mapping {unknown}
Potions
 h - a potion of heal wounds {unknown}
 l - a potion of magic {unknown}


   Skills:
 + Level 2.7 Fighting
 - Level 4.0 Axes
 + Level 3.3 Dodging
 + Level 2.5 Spellcasting
 - Level 1.0 Necromancy
 + Level 1.6 Invocations


You had 8 spell levels left.
You knew the following spells:

 Your Spells              Type           Power      Damage    Failure   Level
a - Necrotize             Necr           16%        1d4       16%         1

Your spell library contained the following spells:

 Spells                   Type           Power      Damage    Failure   Level
 Vampiric Draining        Necr           4%         2d6       41%         3
 Ozocubu's Armour         Ice            1%         N/A       56%         3
 Conjure Ball Lightning   Conj/Air       0%         3x3d6     100%        6
 Ozocubu's Refrigeration  Ice            0%         4d5       100%        7
 Discord                  Hex            0%         N/A       100%        8
 Disjunction              Tloc           0%         N/A       100%        8


Dungeon Overview and Level Annotations

Branches:
Dungeon (3/15)

Altars:
Qazlal


Innate Abilities, Weirdness & Mutations

You cannot wear most types of armour.
You are amphibious.
You can wear up to eight rings at the same time.
Your skin changes colour to match your surroundings (Stealth+).
Your rubbery body absorbs attacks. (AC +1, EV +1)
((You are camouflaged when in or above water. (Stealth+)))
You have tentacles for arms and can constrict up to eight enemies at once.


Message History

You miss the goblin. Your grab misses the goblin.
The goblin hits you but does no damage.
You closely miss the goblin. Your grab misses the goblin.
The goblin barely misses you.
You barely miss the goblin. You grab the goblin. You constrict the goblin.
The goblin hits you with a +0 dagger. x2
You hit the goblin.
You kill the goblin!
Qazlal accepts your kill.
You aren't carrying any items that you can evoke.
Okay, then.
Unknown command.
A kobold comes into view. It is wielding a +0 club.
The kobold shouts!
You slash the kobold!
You kill the kobold!
Qazlal accepts your kill. The phantom attacks as you move away!
The phantom hits you!
Things that are here:
a +0 club; 5 stones; a kobold corpse
There is a stone staircase leading up here.
You closely miss the phantom. You block the phantom's attack.
The phantom hits you.
The phantom blinks!
You blink.
You slash the phantom!
The phantom is moderately damaged.
The phantom hits you.
You closely miss the phantom.
The phantom is moderately damaged.
The phantom hits you!
The phantom blinks!
You blink.
It was a potion of might.
You feel very mighty all of a sudden. The phantom hits you!
* * * LOW HITPOINT WARNING * * *
The phantom blinks!
You blink.
You barely miss the phantom.
The phantom is moderately damaged.
The phantom hits you.
* * * LOW HITPOINT WARNING * * *
The phantom hits you.
You die...

.. ### .########
#..# ....... #..
...... ##.## ....#
## ##...##
#.#.####...
#...W.#
#.#........
#..@..#
#....).....
#####.....#
#<§#####.##
#...§....## #..#
#.###§#######.#...
#......§....###
#.########### ..#
###


You could see a phantom.

Vanquished Creatures
  Natasha (thrice) (D:2)
  An adder (D:2)
  2 worms (D:2)
  3 dart slugs
  6 ball pythons
  3 bats
  4 endoplasms
  4 giant cockroaches
  5 goblins
  4 hobgoblins (D:1)
  3 quokkas
  3 frilled lizards
  4 kobolds
  8 rats
53 creatures vanquished.

Notes
Turn   | Place    | Note
-------+----------+-------------------------------------------
     0 | D:1      | omnomnOMINOUS the Octopode Wanderer began the quest for the
                  | Orb.
     0 | D:1      | omnomnOMINOUS set off with the following items: a +0 war
                  | axe, a +0 hat, a scroll of summoning; and the following
                  | spell memorised: Necrotize; and the following spells
                  | available to memorise: Vampiric Draining.
     0 | D:1      | Reached XP level 1. HP: 13/13 MP: 2/2
    68 | D:1      | Reached XP level 2. HP: 16/18 MP: 3/3
   414 | D:1      | Reached XP level 3. HP: 20/24 MP: 5/5
  1178 | D:2      | Reached XP level 4. HP: 19/29 MP: 7/7
  1281 | D:2      | Noticed Natasha
  1285 | D:2      | Killed Natasha
  1324 | D:2      | Found a faded altar of an unknown god.
  1329 | D:2      | Prayed at the altar of an unknown god.
  1329 | D:2      | Became a worshipper of Qazlal Stormbringer
  1329 | D:2      | Reached * piety under Qazlal
  1366 | D:2      | Noticed Natasha
  1370 | D:2      | Killed Natasha
  1497 | D:2      | Noticed Natasha
  1507 | D:2      | Killed Natasha
  1508 | D:2      | Reached XP level 5. HP: 8/35 MP: 8/8
  2217 | D:3      | Noticed a phantom
  2230 | D:3      | Slain by a phantom

Illustrated notes

Levels and vault maps discovered:
D:1:      onia_arrival_handbag, layout_basic,
          nicolae_concentric_dashed_squares_wild
D:2:      layout_loops_ring, basic_ecumenical_altar, minmay_tetromino_t4,
          uniq_natasha
D:3:      minmay_diamond_boxcup, layout_loops_ring, marbit_many_paths,
          kennysheep_pointless_box, minmay_cupped, uniq_grinder

Skill      XL: |  1  2  3  4 |
---------------+-------------+-----
Fighting       | 2 |  2.7
Spellcasting   | 2 |  2.5
Dodging        | 3 |  3.3
Axes           | |  4.0
Necromancy     | |  1.0
Invocations    | |  1.6

Action                   |  1- 3 |  4- 6 || total
-------------------------+-------+-------++-------
Melee: War axe           |    61 |    39 ||   100
       Constrict         |    18 |     7 ||    25
       Tentacles         |    10 |     4 ||    14
       Punch             |     1 |     1 ||     2
  Use: Potion            |       |     1 ||     1
 Stab: Sleeping          |     9 |     1 ||    10
Armor: Skin              |     5 |     1 ||     6
Dodge: Dodged            |    49 |    17 ||    66
Block: Other             |       |     4 ||     4

Table legend: (Time is in decaauts)
 A = Elapsed time spent in this place.
 B = Non-inter-level travel time spent in this place.
 C = Inter-level travel time spent in this place.
 D = Time resting spent in this place.
 E = Time spent auto-exploring this place.
 F = Levels seen in this place.
 G = Mean time per level.
                   A        B        C        D        E       F      G
               +--------+--------+--------+--------+--------+-----+--------+
         Total |   2259 |   2206 |     53 |    366 |   1489 |   3 |  753.0 |
       Dungeon |   2259 |   2206 |     53 |    366 |   1489 |   3 |  753.0 |
               +--------+--------+--------+--------+--------+-----+--------+

Top non-repeatable levels by time:
     D:2: 1205 daAuts
     D:1: 1034 daAuts
     D:3: 19 daAuts
